 Dungeon Crawl Stone Soup version 0.21.0-3-g78d12a8 (webtiles) character file.

52 Vosmos the Conjurer (level 3, -2/19 HPs)
             Began as a Deep Elf Conjurer on Jan 15, 2018.
             Slain by a bullfrog (5 damage)
             ... on level 2 of the Dungeon.
             The game lasted 00:20:49 (1992 turns).

Vosmos the Conjurer (Deep Elf Conjurer)             Turns: 1992, Time: 00:20:50

Health: -2/19      AC:  2    Str:  5    XL:     3   Next: 60%
Magic:  0/9        EV: 13    Int: 25    God:
Gold:   78         SH:  0    Dex: 15    Spells: 2/8 levels left

rFire    . . .     SeeInvis .   n - +0 mace
rCold    . . .     Gourm    .   (no shield)
rNeg     . . .     Faith    .   a - +0 robe
rPois    .         Spirit   .   (no helmet)
rElec    .         Reflect  .   (no cloak)
rCorr    .         Harm     .   (no gloves)
MR       .....                  (no boots)
Stlth    ++........             (no amulet)
HPRegen  0.06/turn              (no ring)
MPRegen  0.11/turn              (no ring)

@: brilliant, very slightly contaminated
A: no striking features
a: no special abilities


You were on level 2 of the Dungeon.
You were not hungry.

You visited 1 branch of the dungeon, and saw 2 of its levels.

You collected 78 gold pieces.

Inventory:

Hand Weapons
 f - a +0 club
 k - a +0 dagger
 n - a +0 mace (weapon)
Missiles
 d - 43 stones
 h - 46 arrows (quivered)
 i - 12 bolts
Armour
 a - a +0 robe (worn)
Scrolls
 g - 2 scrolls of identify {unknown}
 m - a scroll of amnesia {unknown}
Books
 b - a book of Conjurations

   Spells                             Type                      Level
   a - Magic Dart                     Conjuration                  1
   b - Searing Ray                    Conjuration                  2
   c - Dazzling Spray                 Conjuration/Hexes            3
   d - Fulminant Prism                Conjuration/Hexes            4
   e - Force Lance                    Conjuration/Translocation    4
   f - Iskenderun's Mystic Blast      Conjuration                  4
Comestibles
 c - 2 rations
 j - 2 chunks of flesh


   Skills:
 + Level 2.6 Dodging
 + Level 2.8 Stealth
 + Level 3.4 Spellcasting
 + Level 5.3 Conjurations
 + Level 1.0 Hexes


You had 2 spell levels left.
You knew the following spells:

 Your Spells              Type           Power        Failure   Level  Hunger
a - Magic Dart            Conj           ####         1%          1    None
b - Searing Ray           Conj           #####.       1%          2    #......
c - Dazzling Spray        Conj/Hex       #####.       1%          3    ###....


Dungeon Overview and Level Annotations

Branches:
Dungeon (2/15)

Altars:


Message History

You toss away an arrow.
The arrow completely misses the bullfrog.
It was a potion of brilliance.
You feel clever all of a sudden. The bullfrog closely misses you.
Casting: Searing Ray
Confirm with . or Enter, or press ? or * to list all spells.
You don't have enough magic to cast that spell.
Casting: Searing Ray
Confirm with . or Enter, or press ? or * to list all spells.
You don't have enough magic to cast that spell.
Casting: Searing Ray
Confirm with . or Enter, or press ? or * to list all spells.
Aiming: Magic Dart
Press: ? - help, Shift-Dir - straight line, f/p - bullfrog
Aim: a bullfrog (severely wounded)
The magic dart hits the bullfrog.
The bullfrog is almost dead.
The bullfrog closely misses you. The bullfrog hits you.
You die...

.# #....##.#.# #.
.####.# #..(......#
##.####. ......#
#.....# #.### ......>.
..##### #..†..# #...
#.####. #.#
#....###.#######.# #.
..# ##.#...........#.#
#. ###
######.....#######.#.#
#. # ........÷F#######
#.#.####. #
..........@.....#
#........
######.##############.#
###.##### .......# #.#
######.# #.#####
.......# #......
######.. #######
........ #......# ## .#
#.###... .# .##########


You could see a bullfrog.

Vanquished Creatures
  An adder (D:2)
  A dart slug (D:1)
  3 leopard geckos
  2 ball pythons (D:1)
  6 bats
  4 giant cockroaches
  2 hobgoblins
  4 jackals
  3 quokkas (D:2)
  5 frilled lizards
  2 goblins (D:1)
  A kobold (D:2)
34 creatures vanquished.

Notes
Turn   | Place    | Note
-------+----------+-------------------------------------------
     0 | D:1      | Vosmos the Deep Elf Conjurer began the quest for the Orb.
     0 | D:1      | Reached XP level 1. HP: 10/10 MP: 6/6
   213 | D:1      | Reached XP level 2. HP: 15/15 MP: 4/8
   351 | D:1      | Learned a level 2 spell: Searing Ray
   521 | D:1      | Reached skill level 5 in Conjurations
  1214 | D:2      | Reached XP level 3. HP: 19/19 MP: 0/9
  1219 | D:2      | Learned a level 3 spell: Dazzling Spray
  1982 | D:2      | Noticed a bullfrog
  1984 | D:2      | Reached skill level 1 in Hexes
  1992 | D:2      | Slain by a bullfrog

Skill      XL: |  1  2  3 |
---------------+----------+-----
Conjurations   | 5 |  5.3
Hexes          | 1 |  1.0
Dodging        | |  2.6
Stealth        | |  2.8
Spellcasting   | |  3.4

Action                   || total
-------------------------++-------
Melee: Dagger            ||    12
       Mace              ||     1
 Cast: Magic Dart        ||    39
       Searing Ray       ||    13
       Dazzling Spray    ||     7
  Use: Scroll            ||     1
       Potion            ||     1
  Eat: Chunk             ||     4
Armor: Robe              ||     6
Dodge: Dodged            ||    16
